 Dungeon Crawl Stone Soup version 0.20-a0-12-g90c15da (webtiles) character file.

91 JeffiDaFish the Shield-Bearer (level 4, -9/29 HPs)
             Began as a Gargoyle Fighter on Nov 2, 2016.
             Was an Initiate of Makhleb.
             Killed by divine providence
             ... invoked by an orc priest
              (15 damage)
             ... on level 3 of the Dungeon.
             The game lasted 00:05:03 (1766 turns).

JeffiDaFish the Shield-Bearer (Gargoyle Fighter)    Turns: 1766, Time: 00:05:03

Health: -9/29      AC: 13    Str: 20    XL:     4   Next: 57%
Magic:  4/4        EV:  7    Int: 11    God:    Makhleb [......]
Gold:   106        SH:  9    Dex: 11    Spells: 0 memorised, 3 levels left

rFire  . . .     SeeInvis .     a - +1 flail
rCold  . . .     Gourm    .     b - +0 scale mail
rNeg   + . .     Faith    .     c - +0 shield
rPois  ∞         Spirit   .     j - +2 helmet
rElec  +         Reflect  .     (no cloak)
rCorr  .         Harm     .     (no gloves)
MR     .....                    (no boots)
Stlth  ..........               (no amulet)
                                (no ring)
                                e - ring of wizardry

@: no status effects
A: agile 1, clever 1, negative energy resistance 1, regeneration 1, electricity
resistance, unbreathing, petrification resistance, rot immunity, AC +3
a: Renounce Religion


You were on level 3 of the Dungeon.
You worshipped Makhleb.
Makhleb was noncommittal.
You were very hungry.

You visited 1 branch of the dungeon, and saw 3 of its levels.

You collected 106 gold pieces.

Inventory:

Hand Weapons
 a - a +1 flail (weapon)
Armour
 b - a +0 scale mail (worn)
 c - a +0 shield (worn)
 j - a +2 helmet (worn)
Jewellery
 e - a ring of wizardry (left hand)
 m - an uncursed ring of ice
Scrolls
 k - a scroll of blinking
 l - 2 scrolls of identify
Potions
 d - a potion of might
Comestibles
 f - 2 bread rations
 h - 2 meat rations
 i - 2 beef jerkies


   Skills:
 + Level 3.7 Fighting
 + Level 3.0 Maces & Flails
 + Level 3.7 Armour
 + Level 0.2 Dodging
 + Level 4.2 Shields


You had 3 spell levels left.
You didn't know any spells.

Dungeon Overview and Level Annotations

Branches:
Dungeon (3/15)

Altars:
Makhleb
Trog


Innate Abilities, Weirdness & Mutations

You are resistant to torment.
Your stone body is resilient. (AC +3)
You are immune to poison.
You resist negative energy. (rN+)
You are resistant to electric shocks. (rElec)
You can survive without breathing.
You are immune to petrification.
You are immune to rotting.
You are agile. (Dex +2)
Your mind is acute. (Int +2)
Your natural rate of healing is unusually fast.


Message History

You block the orc's attack.
The orc priest hits you but does no damage.
The orc closely misses you.
Your shield prevents you from hitting the orc priest.
The orc priest is almost dead.
The orc priest invokes the aid of Beogh against you.
You barely resist. You block the orc's attack.
The orc priest closely misses you. You block the orc's attack.
The orc priest looks encouraged for a moment.
You barely miss the orc priest.
The orc priest is almost dead.
The orc closely misses you.
The orc priest mumbles some strange prayers to Beogh against you.
Pain shoots through your body!
* * * LOW HITPOINT WARNING * * *
The orc hits you but does no damage. The orc priest barely misses you.
The orc priest invokes the aid of Beogh against you.
Beogh smites you!
Ouch! That really hurt!
You die...

.. ... .. #... #. #.o.
#. ..## #. ?...# ##.
#.)..#.
###..########.h.....
#........@o........$
##(.....)ooo....(#.#
.....#####...##......#
.... #.#.......... ...
.........>.### ..
....##.......# .
.....# ..####.# ....##
..# .#


You could see 2 orc priests, 2 orcs and a jackal (wandering).

Vanquished Creatures
  An orc priest (D:3)
  An adder (D:2)
  A worm (D:2)
  2 leopard geckos
  An orc (D:3)
  3 giant cockroaches
  7 hobgoblins
  8 jackals
  A quokka (D:2)
  5 bats
  3 frilled lizards
  3 goblins
  3 kobolds
  4 rats
43 creatures vanquished.

Vanquished Creatures (others)
  A rat (D:1)
1 creature vanquished.

Grand Total: 44 creatures vanquished

Notes
Turn   | Place    | Note
-------+----------+-------------------------------------------
     0 | D:1      | JeffiDaFish the Gargoyle Fighter began the quest for the Orb.
     0 | D:1      | Reached XP level 1. HP: 14/14 MP: 1/1
    75 | D:1      | Gained mutation: Your natural rate of healing is unusually fast. [potion of mutation]
    75 | D:1      | Gained mutation: Your mind is acute. (Int +2) [potion of mutation]
    75 | D:1      | Gained mutation: You are agile. (Dex +2) [potion of mutation]
    86 | D:1      | Reached XP level 2. HP: 19/19 MP: 2/2
   689 | D:2      | Reached skill level 4 in Shields
   721 | D:2      | Reached XP level 3. HP: 23/23 MP: 3/3
  1074 | D:2      | Found a bloodstained altar of Trog.
  1226 | D:2      | Found a burning altar of Makhleb.
  1227 | D:2      | Noticed a balrug
  1301 | D:2      | Noticed a smoke demon
  1301 | D:2      | Noticed an orange demon
  1304 | D:2      | Became a worshipper of Makhleb the Destroyer
  1603 | D:2      | Reached XP level 4. HP: 28/28 MP: 4/4
  1766 | D:3      | Killed from afar by an orc priest

Vault maps used:
D:1:      saegor_arrival_miasma, minmay_hexomino_f4
D:2:      wad_river_or_something, makhleb_altar_promises_db, lemuel_round_altar
D:3:      lemuel_doored_altar, first_bread, ecumenical_altar_2

Skill      XL: |  1  2  3  4 |
---------------+-------------+-----
Shields        | 4 |  4.2
Maces & Flails | 3 |  3.0
Fighting       | |  3.7
Armour         | |  3.7
Dodging        | |  0.2

Action                   |  1- 3 |  4- 6 || total
-------------------------+-------+-------++-------
Melee: Flail             |   127 |    15 ||   142
  Use: Potion            |     4 |     1 ||     5
       Scroll            |     8 |       ||     8
  Eat: Chunk             |     2 |       ||     2
Armor: Scale mail        |    57 |    18 ||    75
Dodge: Dodged            |    39 |    19 ||    58
Block: Shield            |    62 |    16 ||    78
